 Dungeon Crawl Stone Soup version 0.21.1-1-g345015f (webtiles) character file.

42 shakethe the Chopper (level 3, 19/28 HPs)
             Began as a Demonspawn Gladiator on Feb 27, 2018.
             Quit the game on level 2 of the Dungeon.
             The game lasted 00:01:12 (1283 turns).

shakethe the Chopper (Demonspawn Gladiator)         Turns: 1283, Time: 00:01:13

Health: 19/28      AC:  4    Str: 14    XL:     3   Next: 33%
Magic:  3/3        EV: 13    Int: 10    God:
Gold:   61         SH:  0    Dex: 14    Spells: 2/2 levels left

rFire    . . .     SeeInvis .   a - +0 war axe
rCold    . . .     Gourm    .   (no shield)
rNeg     . . .     Faith    .   b - +0 leather armour
rPois    .         Spirit   .   c - +0 helmet
rElec    .         Reflect  .   (no cloak)
rCorr    .         Harm     .   (no gloves)
MR       .....                  (no boots)
Stlth    +.........             (no amulet)
HPRegen  0.09/turn              (no ring)
MPRegen  0.08/turn              (no ring)

@: no status effects
A: claws 1, demonic guardian 1
a: no special abilities


You were on level 2 of the Dungeon.
You were very hungry.

You visited 1 branch of the dungeon, and saw 2 of its levels.

You collected 61 gold pieces.

Inventory:

Hand Weapons
 a - a +0 war axe (weapon)
Missiles
 d - 2 throwing nets {=f, !d}
Armour
 b - a +0 leather armour (worn)
 c - a +0 helmet (worn)
Scrolls
 e - 3 scrolls of identify {unknown}
 h - a scroll of teleportation {unknown}
 i - a scroll of enchant armour {unknown}
Potions
 g - a potion of heal wounds {unknown}
Comestibles
 f - 2 rations


   Skills:
 + Level 2.6 Fighting
 + Level 3.2 Axes
 - Level 1.7 Throwing
 + Level 3.2 Dodging


You had 2 spell levels left.
You didn't know any spells.

Dungeon Overview and Level Annotations

Branches:
Dungeon (2/15)

Altars:


Innate Abilities, Weirdness & Mutations

You have sharp fingernails.
A weak demonic guardian rushes to your aid.


Message History

You start resting.
You are feeling hungry.
You start resting.
You are feeling very hungry.
You regained 13 hp, and now have 21/23 hp.
You climb downwards.
The adder barely misses you. x2
There is a stone staircase leading up here.
You hit the adder. The adder bites you.
You take 3 damage, and have 18/23 hp.
You hit the adder. The adder closely misses you. The adder misses you.
You barely miss the adder. The adder closely misses you. x2
You miss the adder. The adder bites you but does no damage.
You closely miss the adder. The adder bites you but does no damage.
The adder completely misses you.
A jackal comes into view.
The jackal barks!
You slash the adder!
You kill the adder!
You have reached level 3!
Your experience leads to an increase in your attributes!
Increase (S)trength, (I)ntelligence, or (D)exterity?
You feel clever.
You feel monstrous as your demonic heritage exerts itself.
Your demonic ancestry asserts itself...
Your fingernails lengthen.
You hear a bark!
You hear an angry hiss. 2 jackals come into view.
You regained 4 hp, and now have 22/28 hp.
MP restored: 3 The jackal barely misses you.
The jackal bites you but does no damage.
A jackal comes into view.
You hit the jackal. You slash the jackal!
You kill the jackal!
The jackal bites you.
The jackal bites you but does no damage. x2
A leopard gecko comes into view.
You barely miss the jackal. x2; The jackal misses you.
The jackal closely misses you. The jackal barely misses you.
The jackal misses you.
You take 1 damage, and have 22/28 hp.
You slash the jackal!
You kill the jackal!
You closely miss the jackal. The jackal closely misses you. x2
The jackal barely misses you.
You hit the jackal. You hit the jackal but do no damage.
The jackal bites you. x3
The jackal bites you but does no damage.
You take 3 damage, and have 19/28 hp.
You barely miss the jackal. x2; The jackal closely misses you.
The jackal bites you. The jackal closely misses you. x2
You take 1 damage, and have 18/28 hp.
You barely miss the jackal. You slash the jackal!
You kill the jackal!
The jackal barely misses you. The jackal closely misses you.
You slash the leopard gecko!
You kill the leopard gecko!
You hit the jackal. The jackal bites you. The jackal barely misses you.
You take 1 damage, and have 17/28 hp.
You closely miss the jackal. The jackal barely misses you.
The jackal closely misses you.
You hit the jackal but do no damage.
The jackal bites you but does no damage.
You closely miss the jackal. The jackal closely misses you.
The jackal bites you but does no damage.
You closely miss the jackal. The jackal misses you.
The jackal closely misses you.
You closely miss the jackal.
The jackal bites you but does no damage.
The jackal closely misses you.
You closely miss the jackal. The jackal closely misses you.
The jackal bites you but does no damage.
You closely miss the jackal. The jackal misses you.
The jackal barely misses you.
You hit the jackal.
The jackal bites you but does no damage.
The jackal barely misses you.
You hit the jackal.
You kill the jackal!
No target in view!
No target in view!
No target in view!
No target in view!
No target in view!
No target in view!
No target in view!
No target in view!
No target in view!
No target in view!
No target in view!
No target in view!
No target in view!
No target in view!
No target in view!
No target in view!
No target in view!
No target in view!
No target in view!
No target in view!
No target in view!
No target in view!

....... ..
........ ..#
.........# ..
.........# ..
........##.
.........
#.....†######
######.#.#@..%..#
#.......?.........
#.......<.######.#
#.........#
#...).÷...##
#...÷......#
#..........#
#...........#
#.............


There were no monsters in sight!

Vanquished Creatures
  An adder (D:2)
  An ooze (D:2)
  A dart slug (D:1)
  2 leopard geckos
  A giant cockroach (D:1)
  A goblin (D:1)
  5 hobgoblins
  4 jackals (D:2)
  2 kobolds (D:1)
  A quokka (D:2)
  A bat (D:1)
  A frilled lizard (D:1)
21 creatures vanquished.

Notes
Turn   | Place    | Note
-------+----------+-------------------------------------------
     0 | D:1      | shakethe the Demonspawn Gladiator began the quest for the Orb.
     0 | D:1      | Reached XP level 1. HP: 16/16 MP: 1/1
   344 | D:1      | Gained mutation: A weak demonic guardian rushes to your aid. [demonic ancestry]
   344 | D:1      | Reached XP level 2. HP: 22/22 MP: 2/2
   450 | D:1      | Reached skill level 3 in Axes
   450 | D:1      | Reached skill level 3 in Dodging
   978 | D:2      | HP: 2/23 [hobgoblin/club (5)]
  1264 | D:2      | Gained mutation: You have sharp fingernails. [demonic ancestry]
  1264 | D:2      | Reached XP level 3. HP: 22/28 MP: 3/3
  1283 | D:2      | Quit the game

Skill      XL: |  1  2 |
---------------+-------+-----
Axes           | 3 |  3.2
Dodging        | 3 |  3.2
Fighting       | |  2.6
Throwing       | |  1.7

Action                   || total
-------------------------++-------
Melee: War axe           ||    61
Throw: Throwing net      ||     1
Armor: Leather armour    ||    17
Dodge: Dodged            ||    59

Vault maps used:
D:1:      lemuel_arrival_rhombus, minivault_25
D:2:      lemuel_doored_altar, lemuel_round_altar,
          chequers_ecumenical_altar_twisty, grunt_ministairs_8,
          fedhas_altar_fruit_tree

Table legend:
 A = Turns spent in this place as a percentage of turns spent in the entire game.
 B = Non-inter-level travel turns spent in this place as a percentage of non-inter-level travel turns spent in the entire game.
 C = Inter-level travel turns spent in this place as a percentage of turns spent in this place.
 D = Turns resting spent in this place as a percentage of non-inter-level travel turns spent in this place.
 E = Turns spent auto-exploring this place as a percentage of non-inter-level travel turns spent in this place.
 F = Non-inter-level travel turns spent in this place divided by the number of levels of this place that you've seen.
                   A       B       C       D       E      F
               +-------+-------+-------+-------+-------+----------------------
         Total | 100.0 | 100.0 |   4.1 |  40.9 |  48.6 | 615.5
       Dungeon | 100.0 | 100.0 |   4.1 |  40.9 |  48.6 | 615.5
               +-------+-------+-------+-------+-------+----------------------

Table legend:
 A = Kills in this place as a percentage of kills in entire the game.
 B = Kills by you in this place as a percentage of kills by you in the entire game.
 C = Kills by friends in this place as a percentage of kills by friends in the entire game.
 D = Other kills in this place as a percentage of other kills in the entire game.
 E = Experience gained in this place as a percentage of experience gained in the entire game.
 F = Experience gained in this place divided by the number of levels of this place that you have seen.
                   A       B       C       D       E      F
               +-------+-------+-------+-------+-------+----------------------
         Total | 100.0 | 100.0 |   N/A |   N/A | 100.0 |  30.0
       Dungeon | 100.0 | 100.0 |   N/A |   N/A | 100.0 |  30.0
               +-------+-------+-------+-------+-------+----------------------
